AoeStats
← mathewmelo2215

Arabia

510244522Analyzed
2v2 RM · 8h ago on Sep 30, 2026· 54m 34s· 4 players
Game mode
Random Map
Map size
Medium (4 player)
Population
200
Speed
Normal
Resources
Standard
Victory
Conquest
Starting age
Dark Age
Ending age
Imperial Age
RankedLock teamsTeams togetherTeam positionsShared explorationLock speedFull tech treeHidden civsTurbo modeCheats
Victory
Defeat
🇨🇦 Magyars · Canada
441
+19
🇨🇦 Britons · Canada
425
+19
🇲🇽 Cumans · Mexico
610
-24
🇺🇸 Huns · United States
387
-14
DonHisHead
3:42 Loom
10:22 Feudal Age
10:45 Horse Collar
16:25 Double-Bit Axe
18:47 Gold Mining
22:37 Castle Age
22:44 Crossbowman
24:25 Heavy Plow
25:32 Fletching
27:04 Stone Mining
27:13 Gambesons
26:49 Man-at-Arms
28:11 Padded Archer Armor
28:08 Bodkin Arrow
30:00 Wheelbarrow
29:10 Elite Skirmisher
29:24 Long Swordsman
49:21 Imperial Age
49:59 Yeomen
52:50 Elite Longbowman
54:31 Capped Ram
mathewmelo2215
11:06 Feudal Age
15:39 Bloodlines
18:13 Scale Barding Armor
23:20 Wheelbarrow
27:08 Castle Age
26:41 Double-Bit Axe
29:34 Chain Barding Armor
30:03 Light Cavalry
30:43 Husbandry
44:12 Corvinian Army
49:00 Imperial Age
49:39 Hussar
roughneck913
12:38 Feudal Age
19:53 Castle Age
18:43 Double-Bit Axe
18:41 Horse Collar
18:55 Stone Mining
18:59 Gold Mining
32:10 Heavy Plow
32:07 Pikeman
33:04 Scale Mail Armor
34:44 Bow Saw
39:39 Wheelbarrow
41:21 Hand Cart
40:48 Man-at-Arms
48:06 Imperial Age
45:55 Husbandry
46:05 Bloodlines
45:16 Light Cavalry
46:12 Thumb Ring
45:30 Long Swordsman
48:02 Gold Shaft Mining
47:48 Squires
47:33 Arson
48:00 Crossbowman
51:17 Masonry
51:28 Ballistics
52:09 Chemistry
51:05 Murder Holes
51:19 Scale Barding Armor
51:30 Chain Mail Armor
51:10 Cavalier
Itacate
0:27 Loom
12:51 Feudal Age
13:23 Town Watch
19:36 Castle Age
18:49 Double-Bit Axe
19:20 Horse Collar
24:12 Stone Mining
24:35 Gold Mining
26:58 Wheelbarrow
25:59 Crossbowman
28:07 Capped Ram
33:01 Steppe Husbandry
33:43 Hand Cart
34:27 Fletching
34:48 Forging
35:34 Gold Shaft Mining
36:25 Bodkin Arrow
36:40 Heavy Plow
39:22 Iron Casting
45:39 Imperial Age
43:04 Arson
43:24 Squires
43:46 Pikeman
46:38 Scale Barding Armor
46:33 Scale Mail Armor
46:39 Scale Barding Armor
46:52 Murder Holes
48:44 Masonry
48:37 Scale Mail Armor
Connection lost

Rejoining the realm…

Still unreachable

The connection could not be restored.

Session expired

The server has moved on; the page needs a fresh start.